 Dungeon Crawl Stone Soup version 0.24-a0-275-g6f7e2cb4ba (webtiles) character file.

Game seed: 16018318049826974639

1322757 Zentennen the Slayer (level 26, 204/222 HPs)
             Began as a Barachi Fire Elementalist on Apr 26, 2019.
             Was an Elder of Sif Muna.
             Escaped with the Orb
             ... and 3 runes on Apr 28, 2019!
             The game lasted 08:34:29 (109898 turns).

Zentennen the Slayer (Barachi Fire Elementalist)  Turns: 109898, Time: 08:34:29

Health: 204/222    AC: 30    Str: 19    XL:     26   Next: 31%
Magic:  42/42      EV: 20    Int: 39    God:    Sif Muna [****..]
Gold:   1076       SH: 25    Dex: 18    Spells: 5/64 levels left

rFire    + + .     SeeInvis +   d - staff of conjuration
rCold    + + +     Gourm    .   y - +5 shield of Whack-A-Mole {rC++ MR- Regen+ Int+3}
rNeg     + . .     Faith    .   g - quicksilver dragon scales "Etic" {MR+ Str+4 Dex-5 SInv Stlth+}
rPois    +         Spirit   .   W - +2 helmet of the Sun {rF+ rN+}
rElec    +         Reflect  +   o - +2 cloak {+Inv}
rCorr    .         Harm     .   w - +2 pair of gloves {Str+3}
MR       +++..     NoTele   +   N - +2 pair of boots {Stlth+}
Stlth    ++........             C - amulet "Liodeim" {Reflect *Contam rElec Int+4 Dex+8 SH+6}
HPRegen  0.87/turn              Y - ring of Pessimism {-Tele +Fly rPois rC+++ Int+7}
MPRegen  0.28/turn              a - ring of Qeomp {rF+ MR++ Dex+2, =R}

@: studying Necromancy, divine energy, slow
A: +LOS, swims, thin skeletal structure 1, blurry vision 2, clumsy 1,
deterioration 1, low mp 1, slowness 1, strong legs 2
0: Orb of Zot
}: 3/15 runes: serpentine, barnacled, slimy
a: Hop, Stop Divine Energy, Channel Magic, Forget Spell, Renounce Religion,
Evoke Invisibility, Evoke Flight


You escaped.
You worshipped Sif Muna.
Sif Muna was greatly pleased with you.
You were not hungry.

You visited 10 branches of the dungeon, and saw 53 of its levels.
You also visited: Sewer and Ice Cave.

You collected 7148 gold pieces.
You spent 6072 gold pieces at shops.

Inventory:

Missiles
 F - 7 throwing nets (quivered)
Armour
 g - the quicksilver dragon scales "Etic" (worn) {MR+ Str+4 Dex-5 SInv Stlth+}
   (You found it on level 5 of the Pits of Slime)

   It affects your strength (+4).
   It affects your dexterity (-5).
   It affects your resistance to hostile enchantments.
   It lets you see invisible.
   It makes you more stealthy.
 o - a +2 cloak of invisibility (worn)
 w - a +2 pair of gloves of strength (worn)
 y - the +5 shield of Whack-A-Mole (worn) {rC++ MR- Regen+ Int+3}
   (You bought it in a shop on level 2 of the Orcish Mines)

   It affects your intelligence (+3).
   It greatly protects you from cold.
   It affects your resistance to hostile enchantments.
   It increases your rate of regeneration.
 N - a +2 pair of boots of stealth (worn)
 W - the +2 helmet of the Sun (worn) {rF+ rN+}
   (You bought it in a shop on level 2 of the Elven Halls)

   It protects you from fire.
   It protects you from negative energy.
Magical Staves
 d - an uncursed staff of conjuration (weapon)
Jewellery
 a - the ring of Qeomp (right hand) {rF+ MR++ Dex+2, =R}
   (You acquired it on level 2 of the Orcish Mines)

   [ring of dexterity]

   It affects your dexterity (+2).
   It protects you from fire.
   It affects your resistance to hostile enchantments.
 C - the amulet "Liodeim" (around neck) {Reflect *Contam rElec Int+4 Dex+8 SH+6}
   (You bought it in a shop on level 1 of the Snake Pit)

   [amulet of reflection]

   It shields you and reflects attacks.
   It affects your intelligence (+4).
   It affects your dexterity (+8).
   It insulates you from electricity.
   It causes magical contamination when unequipped.
   It affects your SH (+6).
 Y - the ring of Pessimism (left hand) {-Tele +Fly rPois rC+++ Int+7}
   (You found it on level 3 of the Realm of Zot)

   [ring of poison resistance]

   It affects your intelligence (+7).
   It renders you almost immune to cold.
   It protects you from poison.
   It lets you fly.
   It prevents most forms of teleportation.
Wands
 b - a wand of iceblast (27)
 I - a wand of enslavement (9)
 K - a wand of disintegration (44)
 L - a wand of acid (2)
 O - a wand of scattershot (3)
 P - a wand of paralysis (36)
 U - a wand of digging (5)
Scrolls
 e - 7 scrolls of amnesia
 f - 2 scrolls of blinking
 m - 7 scrolls of magic mapping
 p - 18 scrolls of remove curse
 r - 2 scrolls of immolation
 t - 6 scrolls of vulnerability
 u - 23 scrolls of teleportation
 z - a scroll of brand weapon {unknown}
 A - 2 scrolls of holy word
 D - 2 scrolls of summoning
 E - 9 scrolls of fear
 G - 7 scrolls of fog
 Q - 3 scrolls of identify
 X - 3 scrolls of torment {unknown}
Potions
 i - 12 potions of might
 k - 11 potions of curing
 q - 3 potions of ambrosia
 s - 18 potions of heal wounds
 v - 7 potions of brilliance
 x - 3 potions of agility
 B - 6 potions of invisibility
 H - 3 potions of cancellation
 J - 3 potions of lignification
 M - 4 potions of haste
 S - 4 potions of mutation
 V - 2 potions of resistance
 Z - 3 potions of magic
Books
 n - a manual of Necromancy
Miscellaneous
 h - a lightning rod (4/4)
 j - a lamp of fire
 R - a phial of floods
Comestibles
 c - 19 rations


   Skills:
 * Level 21.5 Fighting
 - Level 15.8 Armour
 - Level 12.2 Dodging
 - Level 2.3 Stealth
 - Level 15.0 Shields
 * Level 19.8 Spellcasting
 * Level 18.7 Conjurations
 - Level 5.2 Charms
 - Level 13.2 Summonings
 - Level 3.0 Necromancy
 - Level 2.0 Translocations
   Level 7.9 Fire Magic
 - Level 7.2 Air Magic
 - Level 17.3 Earth Magic
 - Level 5.0 Invocations
 * Level 10.5 Evocations


You had 5 spell levels left.
You knew the following spells:

 Your Spells              Type           Power        Failure   Level  Hunger
a - Blink                 Tloc           N/A          1%          2    None
b - Lehudib's Crystal Sp  Conj/Erth      ########..   3%          8    ###....
c - Freezing Cloud        Conj/Ice/Air   ########..   4%          6    None
d - Borgnjor's Vile Clut  Necr/Erth      #######...   1%          5    None
e - Shadow Creatures      Summ           N/A          1%          6    None
f - Iron Shot             Conj/Erth      ########..   1%          6    None
g - Passwall              Tmut/Erth      #######.     1%          2    None
i - Orb of Destruction    Conj           ########..   1%          7    None
j - Summon Lightning Spi  Summ/Air       #######.     1%          4    None
k - Deflect Missiles      Chrm/Air       ######....   12%         6    None
l - Spellforged Servitor  Conj/Summ      ########..   1%          7    None

Your spell library contained the following spells:

 Spells                   Type           Power        Failure   Level  Hunger
 Flame Tongue             Conj/Fire      #####        0%          1    None
 Magic Dart               Conj           ####         0%          1    None
 Sandblast                Erth           ######       0%          1    None
 Shock                    Conj/Air       ####         0%          1    None
 Summon Butterflies       Summ           #######.     0%          1    None
 Summon Small Mammal      Summ           ####         0%          1    None
 Call Imp                 Summ           #######.     0%          2    None
 Searing Ray              Conj           ######       0%          2    None
 Throw Flame              Conj/Fire      ######       0%          2    None
 Call Canine Familiar     Summ           #######.     0%          3    None
 Conjure Flame            Conj/Fire      ########     0%          3    None
 Static Discharge         Conj/Air       ########     0%          3    None
 Stone Arrow              Conj/Erth      ######       0%          3    None
 Iskenderun's Mystic Bla  Conj           ########     0%          4    None
 Animate Skeleton         Necr           N/A          1%          1    None
 Apportation              Tloc           ######       1%          1    None
 Beastly Appendage        Tmut           #####.       1%          1    None
 Confusing Touch          Hex            #####.       1%          1    None
 Freeze                   Ice            ####         1%          1    None
 Sting                    Conj/Pois      ####         1%          1    None
 Corpse Rot               Necr           N/A          1%          2    None
 Poisonous Vapours        Pois/Air       ######       1%          2    None
 Shroud of Golubria       Chrm/Tloc      ######....   1%          2    None
 Slow                     Hex            #####...     1%          2    None
 Sticks to Snakes         Tmut           #####...     1%          2    None
 Sublimation of Blood     Necr           ######....   1%          2    None
 Swiftness                Chrm/Air       ######..     1%          2    None
 Throw Frost              Conj/Ice       ######       1%          2    None
 Dazzling Spray           Conj/Hex       ######       1%          3    None
 Gell's Gravitas          Tloc           ######....   1%          3    None
 Ignite Poison            Fire/Tmut/Pois ######..     1%          3    None
 Inner Flame              Hex/Fire       ######..     1%          3    None
 Lesser Beckoning         Tloc           ######....   1%          3    None
 Mephitic Cloud           Conj/Pois/Air  ########     1%          3    None
 Ozocubu's Armour         Chrm/Ice       ######..     1%          3    None
 Portal Projectile        Hex/Tloc       #####.       1%          3    None
 Recall                   Summ/Tloc      N/A          1%          3    None
 Summon Guardian Golem    Hex/Summ       ######..     1%          3    None
 Teleport Other           Tloc           ######..     1%          3    None
 Vampiric Draining        Necr           ######....   1%          3    None
 Airstrike                Air            #######...   1%          4    None
 Force Lance              Conj/Tloc      ########     1%          4    None
 Fulminant Prism          Conj/Hex       ########..   1%          4    None
 Leda's Liquefaction      Hex/Erth       #######...   1%          4    None
 Petrify                  Tmut/Erth      #######.     1%          4    None
 Sticky Flame             Conj/Fire      ########     1%          4    None
 Summon Ice Beast         Ice/Summ       ######..     1%          4    None
 Throw Icicle             Conj/Ice       ########     1%          4    None
 Aura of Abjuration       Summ           #######...   1%          5    None
 Bolt of Draining         Conj/Necr      ########..   1%          5    None
 Bolt of Magma            Conj/Fire/Erth ########..   1%          5    None
 Fireball                 Conj/Fire      ########..   1%          5    None
 Irradiate                Conj/Tmut      ########..   1%          5    None
 Iskenderun's Battlesphe  Conj/Chrm      ########     1%          5    None
 Lee's Rapid Deconstruct  Erth           ########..   1%          5    None
 Lightning Bolt           Conj/Air       ########..   1%          5    None
 Summon Demon             Summ           #######...   1%          5    None
 Summon Mana Viper        Hex/Summ       ######..     1%          5    None
 Venom Bolt               Conj/Pois      ########..   1%          5    None
 Confuse                  Hex            #####...     3%          3    None
 Spider Form              Tmut/Pois      #####.....   3%          3    None
 Tukima's Dance           Hex            #####...     3%          3    None
 Excruciating Wounds      Chrm/Necr      ######....   4%          5    None
 Silence                  Hex/Air        ######....   6%          5    None
 Ice Form                 Ice/Tmut       #####...     10%         4    None
 Olgreb's Toxic Radiance  Pois           #####...     10%         4    None
 Blade Hands              Tmut           #####.....   26%         5    None
 Metabolic Englaciation   Hex/Ice        #####.....   26%         5    None
 Yara's Violent Unravell  Hex/Tmut       #####.....   26%         5    None
 Bolt of Fire             Conj/Fire      ########..   1%          6    None
 Conjure Ball Lightning   Conj/Air       ########..   1%          6    None
 Bolt of Cold             Conj/Ice       ########..   3%          6    None
 Poison Arrow             Conj/Pois      ########..   3%          6    None
 Summon Greater Demon     Summ           #######...   3%          7    None
 Statue Form              Tmut/Erth      #######..    4%          6    None
 Summon Horrible Things   Summ           #######...   28%         8    ###....
 Haunt                    Necr/Summ      #######...   30%         7    None
 Chain Lightning          Conj/Air       ########..   30%         8    ###....
 Ring of Flames           Chrm/Fire      ######....   50%         7    None
 Simulacrum               Ice/Necr       ######....   63%         6    None
 Shatter                  Erth           ########..   63%         9    #####..
 Darkness                 Hex            #####.....   83%         6    None
 Invisibility             Hex            #####...     83%         6    None
 Ozocubu's Refrigeration  Ice            #####.....   83%         6    None
 Ignition                 Fire           #######...   94%         8    ###....
 Dragon's Call            Summ           #######...   99%         9    #####..
 Fire Storm               Conj/Fire      ########..   99%         9    #####..
 Dragon Form              Tmut           #####.....   100%        7    None
 Borgnjor's Revivificati  Necr           ######....   100%        8    ###....
 Death's Door             Chrm/Necr      ######....   100%        8    ###....
 Discord                  Hex            #####.....   100%        8    ###....
 Infestation              Necr           ######....   100%        8    ###....
 Necromutation            Tmut/Necr      ######....   100%        8    ###....
 Glaciate                 Conj/Ice       ########..   100%        9    #####..
 Tornado                  Air            #######...   100%        9    #####..
 Passage of Golubria      Tloc           Unusable     N/A         4    N/A

Dungeon Overview and Level Annotations

Branches:
Dungeon (15/15)            Temple (0/1) D:6            Lair (6/6) D:10
 Shoals (4/4) Lair:2        Snake (4/4) Lair:4        Slime (5/5) Lair:5
    Orc (2/2) D:10            Elf (2/3) Orc:2        Vaults (5/5) D:13
  Crypt (0/3) Vaults:3     Depths (5/5) D:15            Zot (5/5) Depths:5

Altars:
Ashenzari
Cheibriados
Dithmenos
Elyvilon
Gozag
Kikubaaqudgha
Makhleb
Nemelex Xobeh
Okawaru
Sif Muna
Trog
Uskayaw
Vehumet
Wu Jian
Xom
Yredelemnul
Zin
The Shining One
Beogh
Jiyva
Lugonu

Shops:
D:5 *   D:6 :   Orc:1 %   Orc:2 [***   Elf:1 %?[*   Elf:2 [   Shoals:3 *
Shoals:4 =   Snake:1 =}=*   Vaults:3 =**(   Depths:3 *!?%

Portals:
Hell: Depths:1 Depths:2 Depths:3 Depths:4 Depths:5
Abyss: Depths:4
Pandemonium: Depths:1 Depths:2 Depths:3
Ziggurat: Depths:1
Trove: Vaults:4 (give 15 potions of curing)

Annotations:
D:3 exclusion: upstairs
D:9 1 exclusion, Erolcha
Elf:2 3 runed translucent doors
Depths:4 exclusion: upstairs


Innate Abilities, Weirdness & Mutations

Shadows flee at your approach. (+LOS)
You can swim through water.
You cover ground slowly.
You can hop long distances.
You have a somewhat thin skeletal structure. (Dex +2, Stealth)
Scrolls take you longer to read.
You are clumsy. (Dex -2)
Your body sometimes deteriorates upon taking damage.
Your magical capacity is low. (-10% MP)


Message History

You block the Orb Guardian's attack. You block the Orb Guardian's attack.
You block the Orb Guardian's attack. The Orb Guardian hits you!!
The Orb Guardian hits you but does no damage.
Casting: Lehudib's Crystal Spear (safe; 3% risk of failure)
Confirm with . or Enter, or press ? or * to list all spells.
Aiming: Passwall (safe; 1% risk of failure)
Press: ? - help, Dir - move target cursor A rock wall.
This square is covered in magical glow.
The Orb Guardian hits you but does no damage.
You begin to meditate on the wall.
You continue meditating on the rock.
You block the Orb Guardian's attack. The Orb Guardian misses you.
You continue meditating on the rock.
You block the Orb Guardian's attack. The smoke demon completely misses you.
The smoke demon misses you. You block the smoke demon's attack.
You finish merging with the rock.
There is a staircase leading out of the dungeon here.
You have escaped!

.......##..#..#≈≈≈#..###.##..####
...........#..#≈≈≈#..##.......)..
.###########..#≈≈≈#..##..###.####
.# #..#####..##..# #.# # .#
#.........##..# #.# # .#
#...⌠.⌠...##..# #.# # .##
#.8.....8.##..# #.## # ..#
#.........##..###..### ..#
#....@....##..##.....3
..##########.........##..##.#.###
...........#.8.....8.#...##.#4# #
##########.#.........#.3##..3.###
.....# #.#...⌠.⌠...#.X4........
####.# #.#.........#.###....###
####.# #.###########.# ##.#.# #
.....### #.# #.# #...# # ......>#
#.#### #.# ##..## #


There were no monsters in sight!

Vanquished Creatures
  the Royal Jelly (Slime:5)
  An orb of fire (Zot:5)
  Mennas (Depths:3)
  Mara (Depths:1)
  5 ancient liches (Zot:5)
  A Killer Klown (Zot:5)
  Saint Roka (Orc:2)
  2 golden dragons
  2 electric golems
  A hellephant (Zot:2)
  8 tentacled monstrosities
  Rupert (D:11)
  12 Orb Guardians
  Jorgrun (Shoals:2)
  An Ice Fiend (Depths:4)
  Asterion (Snake:4)
  2 sphinxes
  2 liches (Vaults:4)
  3 quicksilver dragons
  14 acid blobs
  4 death cobs
  A tengu reaver (D:14)
  A kraken (Shoals:2)
  A shadow dragon (Zot:2)
  3 storm dragons
  6 azure jellies
  3 draconian monks
  5 nagarajas
  3 draconian knights
  4 draconian scorchers
  5 frost giants
  Aizul (Snake:1)
  3 vault wardens
  An iron dragon (Depths:5)
  A cacodemon (Depths:2)
  A caustic shrike zombie (D:15)
  Louise (Snake:4)
  The ghost of docpaisley the Fighter, a journeyman HOFi of Nemelex Xobeh (Orc:2)
  A draconian shifter (Zot:3)
  A deep elf elementalist (Elf:1)
  A balrug (Depths:3)
  7 draconian stormcallers
  3 draconian annihilators
  10 ironheart preservers
  7 very ugly things
  A war gargoyle (Zot:3)
  6 stone giants
  6 black draconians
  A reaper (Depths:1)
  A vampire knight (Depths:2)
  6 green draconians
  2 white draconians
  A lorocyproca (Depths:2)
  3 yellow draconians
  2 spark wasps (Depths:4)
  5 red draconians
  5 purple draconians
  A green death (Zot:4)
  A deep elf death mage (Vaults:1)
  Snorg (Orc:2)
  A merfolk javelineer (Shoals:3)
  8 fire dragons
  5 ettins
  4 merfolk impalers
  7 death oozes (Slime:5)
  6 yaktaur captains
  Fannar (Lair:3)
  9 great orbs of eyes
  6 hydras
  Harold (Orc:1)
  3 ice dragons
  2 rakshasas
  6 naga warriors
  2 merfolk avatars (Shoals:4)
  A spriggan air mage (Depths:2)
  9 anacondas
  35 two-headed ogres
  A death knight (Vaults:4)
  10 dancing weapons
  9 centaur warriors
  2 merfolk aquamancers
  9 ogre magi
  3 deep troll shamans
  6 deep troll earth magi
  4 death yaks
  2 tengu warriors
  A vampire mage (Depths:4)
  7 shock serpents
  7 naga sharpshooters
  16 hell knights
  5 spriggan berserkers
  6 orc high priests
  Urug (Lair:6)
  2 sun demons
  11 deep elf knights
  7 spriggans
  Sonja (Lair:2)
  2 shadow wraiths
  6 iron trolls
  3 sixfirhies
  11 skeletal warriors
  6 sea snakes
  A storm dragon skeleton (Depths:4)
  16 deep trolls
  3 unseen horrors
  4 glowing orange brains
  2 flayed ghosts
  2 wizards
  8 naga ritualists
  3 phantasmal warriors
  13 ironbrand convokers
  A lindwurm (D:13)
  8 necromancers
  17 orc knights
  2 wolf spiders
  9 mana vipers
  7 harpies (Shoals:1)
  2 shadow dragon skeletons
  9 manticores
  A mana viper (shapeshifter) (D:14)
  14 deep elf archers
  A tengu skeleton (Vaults:2)
  27 ugly things
  43 deep elf magi
  A shining eye (shapeshifter) (Vaults:4)
  A frost giant zombie (D:15)
  3 orc sorcerers
  The ghost of Redear the Shield-Bearer, a novice OpFi of Ru (D:6)
  8 fauns (Shoals:1)
  5 shining eyes
  4 salamanders
  10 cyclopes
  4 centaur zombies
  13 elephants
  A rust devil (Depths:1)
  14 naga magi
  15 moths of wrath
  2 water nymphs
  An ice statue (IceCv)
  6 merfolk sirens
  A frost giant skeleton (Vaults:3)
  Maurice (D:11)
  27 black mambas
  Psyche (D:8)
  A gargoyle (D:11)
  9 vault sentinels
  22 spiny frogs
  2 rime drakes
  4 molten gargoyles (Elf:2)
  2 kobold demonologists (D:12)
  Joseph (D:9)
  An ice devil (Depths:2)
  8 komodo dragons
  A rime drake (shapeshifter) (Vaults:3)
  A hellwing (Depths:1)
  20 yaktaurs
  3 freezing wraiths
  A yaktaur skeleton (Vaults:3)
  An elf skeleton (Depths:3)
  9 merfolk
  2 human skeletons (Vaults:2)
  A tengu conjurer (Depths:2)
  13 trolls
  17 polar bears (IceCv)
  A queen bee (shapeshifter) (Depths:1)
  4 tyrant leeches (Lair:6)
  A polar bear (shapeshifter) (D:13)
  4 wind drakes
  Prince Ribbit (D:7)
  6 hornets
  2 raiju (Zot:3)
  A stone giant simulacrum (Vaults:2)
  45 slime creatures
  20 blink frogs
  An ice dragon zombie (D:15)
  10 dream sheep
  19 hippogriffs
  A deep troll zombie (D:15)
  5 snapping turtles
  17 water elementals
  An air elemental (Elf:1)
  A tarantella (shapeshifter) (Vaults:2)
  3 wraiths
  3 ynoxinuls
  2 shadows (D:14)
  A basilisk (shapeshifter) (Depths:2)
  A wyvern (Lair:4)
  Eustachio (D:4)
  A yak (shapeshifter) (Depths:3)
  2 fire elementals
  49 yaks
  4 golden eyes (Slime:5)
  11 vampire mosquitoes
  2 basilisks
  4 hungry ghosts
  A human simulacrum (Vaults:1)
  3 acid dragons
  28 nagas
  2 soldier ants
  6 wargs
  10 water moccasins
  8 porcupines
  A deep troll skeleton (Vaults:3)
  6 ice beasts
  40 orc warriors
  2 necrophages
  3 eyes of draining
  21 ogres
  A human zombie (Vaults:1)
  5 boggarts (D:15)
  16 wolves
  8 centaurs
  10 crocodiles
  8 big kobolds
  27 bullfrogs
  A gnoll sergeant (D:7)
  2 earth elementals (Elf:2)
  5 scorpions
  4 killer bees (D:10)
  12 wights
  4 electric eels
  3 howler monkeys (D:8)
  9 crimson imps
  3 bullfrog zombies
  A quasit (D:14)
  3 hounds
  10 jellies
  35 orc priests
  11 centaur skeletons
  2 bullfrog skeletons
  Jessica (D:3)
  3 iguanas
  Ijyb (D:3)
  27 orc wizards
  4 lightning spires (Zot:3)
  15 worker ants
  Natasha (thrice) (D:3)
  A hound skeleton (D:9)
  2 hound zombies
  A howler monkey skeleton (D:11)
  10 gnolls
  24 adders
  4 river rats (Sewer)
  4 shadow imps
  12 white imps (Lair:3)
  6 oozes
  2 adder zombies (D:9)
  2 worms (D:4)
  2 dart slugs
  8 leopard geckos
  98 orcs
  6 giant cockroaches
  4 goblins
  5 hobgoblins
  8 jackals
  37 kobolds
  2 quokkas
  5 ball pythons
  4 bats
  6 frilled lizards
  A leopard gecko skeleton (D:8)
  A quokka skeleton (D:9)
  31 rats
  3 plants
  A tentacle (Shoals:2)
1732 creatures vanquished.

Vanquished Creatures (collateral kills)
  An ancient lich (Zot:5)
  3 orbs of fire (Zot:5)
  A curse toe (Zot:3)
  A Killer Klown (Zot:5)
  5 golden dragons
  2 electric golems
  9 tentacled monstrosities
  19 Orb Guardians
  4 death cobs
  8 quicksilver dragons
  9 acid blobs
  2 tengu reavers
  4 shadow dragons
  6 storm dragons
  2 nagarajas (Snake:4)
  5 draconian monks
  4 azure jellies (Slime:5)
  A vault warden (Vaults:1)
  4 fire giants
  5 frost giants
  A draconian knight (Zot:4)
  4 draconian stormcallers
  3 stone giants
  6 very ugly things
  3 draconian shifters
  3 draconian scorchers
  2 spriggan defenders (Depths:4)
  An ironheart preserver (Vaults:2)
  2 war gargoyles (Zot:3)
  3 draconian annihilators
  A vampire knight (Depths:5)
  A juggernaut skeleton (Depths:3)
  13 black draconians
  7 green draconians
  A deep elf annihilator (Vaults:1)
  9 red draconians
  4 spark wasps
  7 white draconians
  12 purple draconians
  5 yellow draconians
  A blizzard demon (D:8)
  2 ettins
  2 merfolk javelineers
  3 death oozes
  3 jiangshi (Depths:4)
  3 merfolk impalers (Shoals:4)
  3 fire dragons
  7 great orbs of eyes
  6 yaktaur captains
  2 ice dragons
  3 naga warriors (Snake:4)
  3 rakshasas
  3 centaur warriors
  A spriggan air mage (Depths:4)
  3 merfolk aquamancers (Shoals:4)
  2 ogre magi
  2 dancing weapons
  6 two-headed ogres
  5 deep troll shamans
  A deep troll earth mage (Depths:3)
  3 spriggan berserkers
  2 naga sharpshooters (Snake:4)
  A sun demon (Depths:3)
  2 large abominations (D:8)
  3 shock serpents (Zot:3)
  4 deep elf knights
  A storm dragon skeleton (Depths:4)
  7 hell knights
  A sixfirhy (Zot:3)
  11 skeletal warriors
  A titan skeleton (Depths:3)
  A spriggan druid (Depths:4)
  9 deep trolls
  8 sea snakes
  2 flayed ghosts
  A glowing orange brain (Depths:3)
  2 wizards
  A naga ritualist (Snake:4)
  A golden dragon skeleton (Depths:3)
  8 harpies
  A necromancer (Vaults:1)
  2 ironbrand convokers
  12 deep elf magi
  A deep elf archer (Elf:2)
  5 orc knights
  A mana viper (shapeshifter) (Vaults:3)
  9 ugly things
  A salamander (Snake:4)
  4 manticores
  2 shining eyes
  2 cyclopes
  3 fauns
  2 fire giant skeletons
  10 moths of wrath
  An iron dragon skeleton (Depths:4)
  4 black mambas
  2 eyes of devastation
  4 water nymphs
  7 naga magi
  3 vault sentinels
  3 merfolk sirens (Shoals:4)
  An elf zombie (Depths:4)
  A komodo dragon (shapeshifter) (Vaults:3)
  3 human zombies
  3 freezing wraiths
  12 yaktaurs
  A yaktaur skeleton (Vaults:3)
  2 hellwings (Depths:3)
  6 merfolk
  A troll (shapeshifter) (Depths:5)
  2 red devils
  5 hornets
  A wind drake (Shoals:4)
  6 snapping turtles
  A tengu simulacrum (Depths:4)
  A raiju (Zot:3)
  A hippogriff (Shoals:4)
  62 slime creatures
  3 dream sheep (Shoals:3)
  3 ettin skeletons (Vaults:3)
  4 water elementals
  A spriggan (shapeshifter) (Depths:4)
  14 spriggans (Depths:4)
  2 golden eyes (Slime:5)
  2 chaos spawn
  4 nagas
  An acid dragon (Vaults:1)
  5 orc warriors
  An ogre (Depths:1)
  A black bear (shapeshifter) (Depths:3)
  2 eyes of draining
  A human skeleton (Vaults:3)
  A lava snake (Elf:2)
  A lightning spire (Zot:3)
  10 orcs
  2 plants (Shoals:4)
559 creatures vanquished.

Vanquished Creatures (others)
  A draconian shifter (Zot:3)
  A black draconian (Zot:3)
  A yaktaur captain (Depths:5)
  A naga ritualist (Snake:4)
  A faun (Shoals:1)
  A polar bear (IceCv)
  5 ball lightnings (Zot:3)
  An orc (D:9)
  A kobold (D:9)
  2 bushes (Elf:2)
  19 fungi
  72 plants
  10 tentacles (Shoals:2)
  3 withered plants (D:15)
119 creatures vanquished.

Grand Total: 2410 creatures vanquished

Notes
Turn   | Place    | Note
-------+----------+-------------------------------------------
     0 | D:1      | Zentennen the Barachi Fire Elementalist began the quest for
                  | the Orb.
     0 | D:1      | Reached XP level 1. HP: 13/13 MP: 3/3
     0 | D:1      | Noticed an electric eel
   395 | D:1      | Reached XP level 2. HP: 19/19 MP: 1/5
   727 | D:1      | Learned a level 2 spell: Throw Flame
  1145 | D:2      | Found a glowing silver altar of Zin.
  1334 | D:2      | Reached XP level 3. HP: 24/24 MP: 0/6
  1763 | D:2      | Reached XP level 4. HP: 25/30 MP: 5/8
  1815 | D:2      | Learned a level 3 spell: Conjure Flame
  2116 | D:2      | Found a radiant altar of Vehumet.
  2118 | D:2      | Identified Vehumet's Incunabulum of Damage Dealing
  2120 | D:2      | Found an ancient bone altar of Kikubaaqudgha.
  2122 | D:2      | Found a deep blue altar of Sif Muna.
  2155 | D:2      | Noticed a hippogriff
  2443 | D:3      | Noticed a +0 dagger
  2444 | D:3      | Found a hide-covered altar of Uskayaw.
  2444 | D:3      | Noticed a +0 hand axe
  2448 | D:3      | Reached XP level 5. HP: 35/35 MP: 3/9
  2482 | D:3      | Noticed Jessica
  3281 | D:3      | Killed Jessica
  3380 | D:3      | Noticed Natasha
  3383 | D:3      | Killed Natasha
  3383 | D:3      | Noticed Natasha
  3391 | D:3      | Killed Natasha
  3391 | D:3      | Reached XP level 6. HP: 20/41 MP: 1/10
  3522 | D:3      | Noticed Natasha
  3527 | D:3      | Killed Natasha
  3580 | D:3      | Noticed Ijyb
  3624 | D:3      | Killed Ijyb
  3966 | D:2      | Became a worshipper of Sif Muna the Loreminder
  4022 | D:2      | Killed a hippogriff
  4022 | D:2      | Reached skill level 5 in Conjurations
  4022 | D:2      | Reached skill level 5 in Fire Magic
  4022 | D:2      | Reached XP level 7. HP: 28/46 MP: 2/12
  4267 | D:3      | Found a bloodstained altar of Trog.
  5168 | D:4      | Reached * piety under Sif Muna
  5267 | D:4      | Noticed Eustachio
  5308 | D:4      | Learned a level 4 spell: Sticky Flame
  5363 | D:4      | Killed Eustachio
  5363 | D:4      | Reached skill level 1 in Fighting
  5363 | D:4      | Reached XP level 8. HP: 51/54 MP: 3/15
  5480 | D:4      | Found a snail-covered altar of Cheibriados.
  5585 | D:4      | Found an opulent altar of Gozag.
  5585 | D:4      | Found a shattered altar of Ashenzari.
  5586 | D:4      | Found an ornate altar of the Wu Jian Council.
  5778 | D:5      | Entered Level 5 of the Dungeon
  5828 | D:5      | Reached skill level 5 in Spellcasting
  6213 | D:5      | Reached skill level 2 in Fighting
  6249 | D:5      | Found a glowing drain.
  6253 | Sewer    | Entered a sewer
  6365 | Sewer    | Reached ** piety under Sif Muna
  7339 | D:5      | Reached skill level 3 in Fighting
  7448 | D:5      | Found a deep blue altar of Sif Muna.
  7493 | D:5      | Found Aginufuc's Assorted Antiques.
  7497 | D:5      | Bought a scorched tin amulet for 145 gold pieces
  7497 | D:5      | Identified the amulet of Wyufomp {Faith Str+4} (You bought
                  | it in a shop on level 5 of the Dungeon)
  7699 | D:6      | Found a runed translucent door.
  7700 | D:6      | Found a shimmering altar of Xom.
  7700 | D:6      | Noticed Redear's ghost (novice OpFi)
  7701 | D:6      | Noticed a +0 hand axe of chaos
  7743 | D:6      | Reached XP level 9. HP: 21/64 MP: 18/18
  8197 | D:6      | Found Meiggot's Book Emporium.
  8387 | D:6      | Learned a level 5 spell: Fireball
  8597 | D:6      | Found a staircase to the Ecumenical Temple.
  8884 | D:6      | Found a sparkling altar of Nemelex Xobeh.
  8976 | D:7      | Found a basalt altar of Yredelemnul.
  9091 | D:7      | Reached *** piety under Sif Muna
  9110 | D:7      | Reached skill level 4 in Fighting
  9520 | D:7      | Noticed Prince Ribbit
  9529 | D:7      | Killed Prince Ribbit
 10197 | D:7      | Reached skill level 1 in Shields
 10634 | D:8      | Reached XP level 10. HP: 66/73 MP: 4/21
 10674 | D:8      | Found a shadowy altar of Dithmenos.
 10684 | D:8      | Reached **** piety under Sif Muna
 10850 | D:8      | Found a white marble altar of Elyvilon.
 11112 | D:8      | Noticed Psyche
 11120 | D:8      | Killed Psyche
 11120 | D:8      | Reached skill level 5 in Dodging
 11123 | D:8      | Noticed a lindwurm
 11124 | D:8      | Noticed a lindwurm
 11237 | D:8      | Noticed a lindwurm
 11240 | D:8      | Noticed a lindwurm
 11815 | D:9      | Noticed Erolcha
 11816 | D:9      | Noticed Joseph
 12019 | D:9      | Killed Joseph
 12475 | D:10     | Entered Level 10 of the Dungeon
 12618 | D:10     | Reached ***** piety under Sif Muna
 12636 | D:10     | Reached skill level 10 in Conjurations
 12637 | D:10     | Identified Sif Muna's Disquisition on Enchanting Earth (Sif
                  | Muna gifted it to you on level 10 of the Dungeon)
 12637 | D:10     | Received a gift from Sif Muna
 12842 | D:10     | Learned a level 6 spell: Iron Shot
 12881 | D:10     | Reached XP level 11. HP: 77/78 MP: 23/23
 12888 | D:10     | Reached skill level 1 in Earth Magic
 13110 | D:10     | Killed an unseen horror
 13413 | D:10     | Found a staircase to the Lair.
 14670 | D:10     | Found a roughly hewn altar of Beogh.
 14670 | D:10     | Found a staircase to the Orcish Mines.
 14769 | Lair:1   | Entered Level 1 of the Lair of Beasts
 14985 | Lair:1   | Reached skill level 5 in Shields
 15405 | Lair:1   | Noticed a seven-headed hydra
 15416 | Lair:1   | Killed a seven-headed hydra
 15416 | Lair:1   | Reached skill level 5 in Earth Magic
 15961 | Lair:2   | Noticed Sonja
 15986 | Lair:2   | Killed Sonja
 15986 | Lair:2   | Identified Sif Muna's Papyrus of the Frigorific Rocks (Sif
                  | Muna gifted it to you on level 2 of the Lair of Beasts)
 15986 | Lair:2   | Received a gift from Sif Muna
 16017 | Lair:2   | Noticed a manticore
 16143 | Lair:2   | Killed a manticore
 16222 | Lair:2   | Found a staircase to the Shoals.
 16383 | Lair:2   | Reached XP level 12. HP: 84/84 MP: 21/25
 16387 | Lair:2   | Noticed a seven-headed hydra
 16399 | Lair:2   | Killed a seven-headed hydra
 16515 | Lair:2   | Reached skill level 10 in Spellcasting
 17878 | Lair:3   | Noticed Fannar
 17883 | Lair:3   | Killed Fannar
 18102 | Lair:3   | Found a frozen archway.
 18123 | Lair:3   | Identified Sif Muna's Disquisition on Attacks (Sif Muna
                  | gifted it to you on level 3 of the Lair of Beasts)
 18123 | Lair:3   | Received a gift from Sif Muna
 18250 | IceCv    | Entered an ice cave
 19046 | IceCv    | Noticed a frost giant
 19062 | IceCv    | HP: 3/84 [frost giant/bolt of cold (28)]
 19416 | IceCv    | Killed a frost giant
 19416 | IceCv    | Reached skill level 10 in Earth Magic
 19596 | IceCv    | Gained mutation: You can hop long distances. [Barachi
                  | growth]
 19596 | IceCv    | Reached XP level 13. HP: 90/90 MP: 6/27
 19913 | IceCv    | Received a gift from Sif Muna
 22007 | Lair:4   | Found a staircase to the Snake Pit.
 23464 | Lair:5   | Identified Sif Muna's Catalogue of Doomed Aid (Sif Muna
                  | gifted it to you on level 5 of the Lair of Beasts)
 23464 | Lair:5   | Received a gift from Sif Muna
 24642 | Lair:5   | Found a viscous altar of Jiyva.
 24642 | Lair:5   | Found a staircase to the Slime Pits.
 25103 | Lair:6   | Entered Level 6 of the Lair of Beasts
 25273 | Lair:6   | Reached XP level 14. HP: 89/96 MP: 25/28
 25588 | Lair:6   | Reached ****** piety under Sif Muna
 25754 | Lair:6   | Identified Sif Muna's Compendium of Earthen Attacks (Sif
                  | Muna gifted it to you on level 6 of the Lair of Beasts)
 25754 | Lair:6   | Received a gift from Sif Muna
 25903 | Lair:6   | Reached skill level 5 in Fighting
 25903 | Lair:6   | Reached skill level 1 in Armour
 26102 | Lair:6   | Noticed Urug
 26248 | Lair:6   | Killed Urug
 26528 | Lair:6   | Reached skill level 6 in Fighting
 26789 | Lair:6   | Found the ring of Shadows {Umbra +Inv Stlth+}
 27766 | Lair:6   | Reached skill level 7 in Fighting
 28313 | Lair:6   | Got a faintly glowing bronze ring
 28402 | Lair:6   | Got a warped short sword
 28407 | Lair:6   | Identified the cursed +2 short sword of Zodghay {drain,
                  | Int+3 SInv} (You found it on level 6 of the Lair of Beasts)
 28409 | Lair:6   | Identified the ring "Fesushreud" {-Tele +Inv +Fly MR+
                  | Int+4} (You found it on level 6 of the Lair of Beasts)
 29515 | D:11     | Reached skill level 8 in Fighting
 29526 | D:11     | Noticed Maurice
 29554 | D:11     | Killed Maurice
 30470 | D:12     | Noticed Rupert
 30486 | D:11     | Killed Rupert
 30486 | D:11     | Identified Qiuttel's Papyrus of Lightness and Attacks (Sif
                  | Muna gifted it to you on level 11 of the Dungeon)
 30486 | D:11     | Received a gift from Sif Muna
 30688 | D:12     | Reached XP level 15. HP: 112/112 MP: 18/30
 30721 | D:12     | Reached skill level 5 in Armour
 31071 | D:12     | Reached skill level 9 in Fighting
 32259 | D:6      | Bought a manual of Earth Magic for 1214 gold pieces
 32482 | D:13     | Reached skill level 1 in Invocations
 33169 | D:13     | Found a gate to the Vaults.
 33713 | D:14     | Found a shadowy altar of Dithmenos.
 33734 | D:14     | Reached skill level 10 in Fighting
 33944 | D:14     | Found a runed translucent door.
 34518 | D:14     | Received a gift from Sif Muna
 34604 | D:14     | Learned a level 2 spell: Passwall
 34610 | D:14     | Learned a level 5 spell: Lee's Rapid Deconstruction
 34618 | D:14     | Learned a level 7 spell: Orb of Destruction
 34927 | D:14     | Noticed a tengu reaver
 34936 | D:14     | Killed a tengu reaver
 35214 | D:15     | Entered Level 15 of the Dungeon
 35863 | D:15     | Found a staircase to the Depths.
 35882 | D:15     | Reached skill level 15 in Earth Magic
 35916 | D:15     | Reached skill level 11 in Fighting
 36547 | D:15     | Reached skill level 5 in Invocations
 36983 | D:15     | Identified Sif Muna's Guide on Bewitching Conjuration (Sif
                  | Muna gifted it to you on level 15 of the Dungeon)
 36983 | D:15     | Received a gift from Sif Muna
 37002 | D:15     | Reached XP level 16. HP: 83/126 MP: 1/31
 37948 | Orc:1    | Entered Level 1 of the Orcish Mines
 37981 | Orc:1    | Reached skill level 12 in Fighting
 38286 | Orc:1    | Found Uschorua's Food Shop.
 38939 | Orc:1    | Noticed Harold
 39129 | Orc:1    | Killed Harold
 39429 | Orc:2    | Entered Level 2 of the Orcish Mines
 39566 | Orc:2    | Identified Sif Muna's Catalogue of Aerial Execration (Sif
                  | Muna gifted it to you on level 2 of the Orcish Mines)
 39566 | Orc:2    | Received a gift from Sif Muna
 40583 | Orc:2    | Found a burning altar of Makhleb.
 40782 | Orc:2    | Found a staircase to the Elven Halls.
 40824 | Orc:2    | Noticed docpaisley's ghost (journeyman HOFi)
 40825 | Orc:2    | Found a runed translucent gate.
 40826 | Orc:2    | Found a runed translucent gate.
 40827 | Orc:2    | Found a runed translucent gate.
 40845 | Orc:2    | Found a roughly hewn altar of Beogh.
 40884 | Orc:2    | Noticed Snorg
 40888 | Orc:2    | Killed Snorg
 41244 | Orc:2    | Noticed Saint Roka
 41283 | Orc:2    | Killed Saint Roka
 41782 | Orc:2    | Found Iroothet's Assorted Antiques.
 41783 | Orc:2    | Found Isukhlie's Antique Armour Shoppe.
 41783 | Orc:2    | Found Apsifuim's Assorted Antiques.
 41787 | Orc:2    | Found Qinnomom's General Store.
 41791 | Orc:2    | Bought a scroll of teleportation for 48 gold pieces
 42181 | Orc:2    | Learned a level 4 spell: Summon Lightning Spire
 42382 | Snake:1  | Entered Level 1 of the Snake Pit
 42485 | Snake:1  | Identified Sif Muna's Reference Book on Flamy Stones (Sif
                  | Muna gifted it to you on level 1 of the Snake Pit)
 42485 | Snake:1  | Received a gift from Sif Muna
 42485 | Snake:1  | Reached skill level 1 in Summonings
 43086 | Snake:1  | Reached skill level 1 in Air Magic
 43942 | Snake:1  | Found an iron altar of Okawaru.
 44223 | Snake:1  | Noticed Aizul
 44234 | Snake:1  | Killed Aizul
 44661 | Snake:1  | Found Ustoih Liph's Assorted Antiques.
 44714 | Snake:1  | Found Doxzeyl's Jewellery Boutique.
 44714 | Snake:1  | Found Pokeff's Gadget Shoppe.
 44715 | Snake:1  | Found Rosog Rafo's Jewellery Boutique.
 45611 | Snake:2  | Reached skill level 5 in Summonings
 45639 | Snake:2  | Reached skill level 5 in Air Magic
 45645 | Snake:2  | Reached XP level 17. HP: 79/135 MP: 0/33
 46900 | Snake:2  | Identified Urghosis's Catalogue of Enhancements (Sif Muna
                  | gifted it to you on level 2 of the Snake Pit)
 46900 | Snake:2  | Received a gift from Sif Muna
 49010 | Snake:3  | Found a shadowy altar of Dithmenos.
 49124 | Snake:4  | Entered Level 4 of the Snake Pit
 49554 | Snake:4  | Noticed Louise
 49560 | Snake:4  | Killed Louise
 52324 | Snake:4  | Noticed Asterion
 52475 | Snake:4  | Killed Asterion
 53701 | Snake:4  | Got a serpentine rune of Zot
 54169 | Orc:2    | Bought a glowing helmet for 277 gold pieces
 54192 | Orc:2    | Bought an embroidered hat for 224 gold pieces
 54275 | Orc:2    | Bought a pitted leather armour for 224 gold pieces
 54285 | Orc:2    | Identified the +5 leather armour of Ifeppih {Slay+2} (You
                  | bought it in a shop on level 2 of the Orcish Mines)
 54412 | Shoals:1 | Entered Level 1 of the Shoals
 54415 | Shoals:1 | Identified Qeinedda's Papyrus of Dusty Illusion (Sif Muna
                  | gifted it to you on level 1 of the Shoals)
 54415 | Shoals:1 | Received a gift from Sif Muna
 54998 | Shoals:1 | Reached XP level 18. HP: 119/142 MP: 23/36
 56721 | Shoals:2 | Noticed Jorgrun
 56729 | Shoals:2 | Killed Jorgrun
 56729 | Shoals:2 | Identified Vuczuck's Disquisition on Stolen Souls and
                  | Contamination (Sif Muna gifted it to you on level 2 of the
                  | Shoals)
 56729 | Shoals:2 | Received a gift from Sif Muna
 57301 | Shoals:3 | Found Ovetuvefa's General Store.
 57778 | Shoals:3 | Found the +8 glaive of the Guard {elec, +Rage AC+5 SInv}
 57862 | Shoals:3 | Reached skill level 15 in Spellcasting
 58821 | Vaults:1 | Entered Level 1 of the Vaults
 58974 | D:13     | Learned a level 6 spell: Deflect Missiles
 59020 | Vaults:1 | Reached skill level 1 in Charms
 59939 | Vaults:1 | Received a gift from Sif Muna
 61548 | Vaults:1 | Reached XP level 19. HP: 95/148 MP: 14/38
 62590 | Vaults:1 | Reached skill level 5 in Charms
 63646 | Vaults:2 | Reached skill level 13 in Fighting
 63987 | Vaults:2 | Reached skill level 10 in Shields
 64724 | Vaults:2 | Identified Sif Muna's Grimoire of Ice and Transmigration
                  | (Sif Muna gifted it to you on level 2 of the Vaults)
 64724 | Vaults:2 | Received a gift from Sif Muna
 65682 | Vaults:3 | Found Qeitodu's Antique Weapon Shop.
 65682 | Vaults:3 | Found Xiemet's Assorted Antiques.
 65699 | Vaults:3 | Bought a scroll labeled MUTECI KOPS for 39 gold pieces
 67688 | Vaults:3 | Found Okovoal's Jewellery Shoppe.
 67690 | Vaults:3 | Found Onamniab's General Store.
 67759 | Vaults:3 | Found a staircase to the Crypt.
 68226 | Vaults:3 | Reached XP level 20. HP: 148/158 MP: 31/40
 68438 | Vaults:3 | Reached skill level 14 in Fighting
 69677 | Vaults:4 | Found a portal to a secret trove of treasure.
 70161 | Vaults:4 | Identified Sif Muna's Compendium of Boosting Feathers (Sif
                  | Muna gifted it to you on level 4 of the Vaults)
 70161 | Vaults:4 | Received a gift from Sif Muna
 71953 | Vaults:5 | Entered Level 5 of the Vaults
 72195 | Elf:1    | Entered Level 1 of the Elven Halls
 72946 | Elf:1    | Identified 2 scrolls of acquirement
 72977 | Orc:2    | Identified the ring of Qeomp {rF+ MR++ Dex+2} (You acquired
                  | it on level 2 of the Orcish Mines)
 72992 | Orc:2    | Got a fine platinum amulet
 72994 | Orc:2    | Identified the amulet of the Sky {Faith Dex+2} (You
                  | acquired it on level 2 of the Orcish Mines)
 73400 | Elf:1    | Found Qeij's Magic Scroll Emporium.
 73406 | Elf:1    | Identified the amulet "Vuniod" {+Rage rF+++ MP+9 Str-2
                  | Slay+5}
 73565 | Elf:1    | Found Iris's General Store.
 73568 | Elf:1    | Found Hyexisen's Armour Shop.
 73699 | Elf:1    | Found Con Vuho's Food Shop.
 74044 | Elf:2    | Reached skill level 15 in Shields
 74129 | Elf:2    | Found Acour's Antique Armour Boutique.
 74295 | Elf:2    | Reached skill level 15 in Fighting
 74520 | Elf:2    | Bought a polished helmet for 285 gold pieces
 74534 | Elf:2    | Identified the +2 helmet of the Sun {rF+ rN+} (You bought
                  | it in a shop on level 2 of the Elven Halls)
 74546 | Elf:2    | Bought a pair of glowing boots for 225 gold pieces
 74804 | Orc:2    | Killed docpaisley's ghost
 74804 | Orc:2    | Reached XP level 21. HP: 117/168 MP: 0/42
 74970 | Orc:2    | Got a steaming graven amulet
 75119 | Elf:2    | Identified the amulet "Cagad" {Inacc rF++ Str-4 Stlth+}
                  | (You found it on level 2 of the Orcish Mines)
 75136 | Elf:2    | Reached skill level 15 in Conjurations
 75501 | Elf:2    | Identified Dispater's Incunabulum of Battle Magic and
                  | Calling (Sif Muna gifted it to you on level 2 of the Elven
                  | Halls)
 75501 | Elf:2    | Received a gift from Sif Muna
 75629 | Elf:2    | Reached skill level 10 in Armour
 76059 | Elf:2    | Found a runed translucent gate.
 76059 | Elf:2    | Found a runed translucent gate.
 76060 | Elf:2    | Found a runed translucent gate.
 76581 | Depths:1 | Entered Level 1 of the Depths
 76915 | Depths:1 | Found a gateway to Hell.
 77285 | Depths:1 | Reached skill level 16 in Fighting
 78296 | Depths:1 | Noticed Mara
 78780 | Depths:1 | Found a gateway to a ziggurat.
 78837 | Depths:1 | Noticed Zentennen's illusion
 78844 | Depths:1 | Killed Mara
 80341 | Depths:1 | Found a one-way gate leading to the halls of Pandemonium.
 80728 | Depths:2 | Reached skill level 17 in Fighting
 81198 | Depths:2 | Identified Sif Muna's Compendium of Creative Heat (Sif Muna
                  | gifted it to you on level 2 of the Depths)
 81198 | Depths:2 | Received a gift from Sif Muna
 82017 | Orc:2    | Bought a spiked shield for 304 gold pieces
 82024 | Orc:2    | Identified the +5 shield of Whack-A-Mole {rC++ MR- Regen+
                  | Int+3} (You bought it in a shop on level 2 of the Orcish
                  | Mines)
 82832 | Depths:2 | Gained mutation: Your magical capacity is low. (-10% MP) [a
                  | cacodemon]
 82835 | Depths:2 | Reached XP level 22. HP: 114/181 MP: 0/39
 82986 | Depths:2 | Learned a level 7 spell: Spellforged Servitor
 83221 | Depths:2 | Identified the cursed +0 demon blade "Soenaqid" {vamp,
                  | Dex+5 SInv} (You found it on level 2 of the Depths)
 83621 | Depths:3 | Upgraded the game from 0.24-a0-274-gb3763e6d51 to
                  | 0.24-a0-275-g6f7e2cb4ba
 84338 | Orc:2    | Bought a scroll of blinking for 277 gold pieces
 84548 | Depths:3 | Received a gift from Sif Muna
 84549 | Depths:3 | Reached skill level 10 in Summonings
 84551 | Depths:3 | Noticed Mennas
 84983 | Depths:3 | Learned a level 2 spell: Blink
 85027 | Depths:3 | Reached skill level 1 in Translocations
 85353 | Depths:3 | Found a glowing golden altar of the Shining One.
 85384 | Depths:3 | Found Zuigaf's General Store.
 85636 | Depths:4 | Found a corrupted altar of Lugonu.
 85636 | Depths:4 | Found a one-way gate to the infinite horrors of the Abyss.
 85871 | Depths:4 | Noticed a golden dragon
 87063 | Depths:4 | Killed a golden dragon
 87738 | Depths:3 | Killed Mennas
 87921 | Depths:3 | Found Qasch's Food Boutique.
 87927 | Depths:3 | Found Jesch's Distillery.
 87928 | Depths:3 | Found Atuw's Magic Scroll Boutique.
 88055 | Depths:3 | Bought a scroll of blinking for 150 gold pieces
 88055 | Depths:3 | Bought a scroll of summoning for 190 gold pieces
 88061 | Depths:3 | Bought a potion of heal wounds for 55 gold pieces
 88952 | Snake:1  | Bought the amulet "Liodeim" {Reflect *Contam rElec Int+4
                  | Dex+8 SH+6} for 1565 gold pieces
 89638 | Depths:5 | Entered Level 5 of the Depths
 89657 | Depths:5 | Identified Sif Muna's Handbook of Lucky Companions (Sif
                  | Muna gifted it to you on level 5 of the Depths)
 89657 | Depths:5 | Received a gift from Sif Muna
 89970 | Depths:5 | Noticed a golden dragon
 89976 | Depths:5 | Killed a golden dragon
 90465 | Depths:5 | Reached skill level 10 in Dodging
 90773 | Depths:5 | Noticed a golden dragon
 90781 | Depths:5 | Killed a golden dragon
 90781 | Depths:5 | Reached XP level 23. HP: 187/188 MP: 33/40
 90869 | Depths:5 | Found a gate to the Realm of Zot.
 91725 | Slime:1  | Entered Level 1 of the Pits of Slime
 91743 | Slime:2  | Gained mutation: Scrolls take you a little longer to read.
                  | [a shining eye]
 91965 | Slime:3  | Gained mutation: Scrolls take you longer to read. [a
                  | shining eye]
 92190 | Slime:4  | Reached skill level 18 in Fighting
 92335 | Slime:5  | Entered Level 5 of the Pits of Slime
 92873 | Slime:5  | Noticed the Royal Jelly
 92886 | Slime:5  | Killed the Royal Jelly
 93296 | Slime:5  | Got a slimy rune of Zot
 93344 | Slime:5  | Identified Sif Muna's Incunabulum of the Frigorific
                  | Mountains
 93396 | Slime:5  | Got a coiled garnet amulet
 93418 | Slime:5  | Identified the amulet of Jyrez {+Rage Dex+4} (You found it
                  | on level 5 of the Pits of Slime)
 94175 | Snake:1  | Bought a lamp of fire for 640 gold pieces
 94531 | D:6      | Killed Redear's ghost
 94861 | Vaults:3 | Bought a potion of haste for 210 gold pieces
 95672 | Shoals:4 | Entered Level 4 of the Shoals
 95698 | Shoals:4 | Got a crude scale mail
 95850 | Shoals:4 | Reached skill level 1 in Evocations
 96314 | Shoals:4 | Got a barnacled rune of Zot
 96932 | Shoals:4 | Found Gasix's Jewellery Boutique.
 97852 | Zot:1    | Entered Level 1 of the Realm of Zot
 98169 | Zot:1    | Received a gift from Sif Muna
 98409 | Zot:1    | Reached skill level 19 in Fighting
 99032 | Zot:1    | Reached XP level 24. HP: 192/201 MP: 0/40
100089 | Zot:2    | Reached skill level 5 in Evocations
100223 | Zot:2    | Reached skill level 15 in Armour
100972 | Zot:2    | Identified the +3 scale mail "Sampos" {rF- Dex+6} (You
                  | found it on level 4 of the Shoals)
101461 | Slime:5  | Got transparent quicksilver dragon scales
101481 | Slime:5  | Identified the quicksilver dragon scales "Etic" {MR+ Str+4
                  | Dex-5 SInv Stlth+} (You found it on level 5 of the Pits of
                  | Slime)
102617 | Zot:2    | Learned a level 8 spell: Lehudib's Crystal Spear
102827 | Zot:2    | Learned a level 6 spell: Freezing Cloud
102833 | Zot:2    | Learned a level 5 spell: Borgnjor's Vile Clutch
103124 | Zot:3    | Identified Nuiggy's Guide on the Voyage and Transmutation
                  | (Sif Muna gifted it to you on level 3 of the Realm of Zot)
103124 | Zot:3    | Received a gift from Sif Muna
103320 | Zot:3    | Noticed a curse toe
103577 | Zot:3    | Got a pitted bone ring
103709 | Zot:3    | Identified the ring of Pessimism {-Tele +Fly rPois rC+++
                  | Int+7} (You found it on level 3 of the Realm of Zot)
103778 | Zot:3    | Reached skill level 20 in Fighting
104013 | Zot:3    | Killed a curse toe
104256 | Zot:3    | Reached skill level 1 in Necromancy
104966 | Zot:3    | Reached XP level 25. HP: 170/206 MP: 2/41
106562 | Zot:4    | Identified Sif Muna's Compendium of Curses and Unholy Arts
                  | (Sif Muna gifted it to you on level 4 of the Realm of Zot)
106562 | Zot:4    | Received a gift from Sif Muna
106773 | Zot:5    | Entered Level 5 of the Realm of Zot
107572 | Zot:5    | Noticed an ancient lich
107575 | Zot:5    | Noticed a Killer Klown
107576 | Zot:5    | Killed an ancient lich
107586 | Zot:5    | Killed a Killer Klown
107705 | Zot:4    | Learned a level 6 spell: Shadow Creatures
107919 | Zot:5    | Noticed an orb of fire
107924 | Zot:5    | Gained mutation: You are clumsy. (Dex -2) [an orb of fire]
107928 | Zot:5    | Killed an orb of fire
107964 | Zot:5    | Noticed an ancient lich
107967 | Zot:5    | Noticed an orb of fire
107975 | Zot:5    | Killed an ancient lich
107976 | Zot:5    | Killed an orb of fire
108516 | Zot:5    | Noticed a Killer Klown
108517 | Zot:5    | Noticed an orb of fire
108523 | Zot:5    | Noticed an ancient lich
108539 | Zot:5    | Gained mutation: You have a somewhat thin skeletal
                  | structure. (Dex +2, Stealth) [an orb of fire]
108542 | Zot:5    | Killed an ancient lich
108542 | Zot:5    | Reached skill level 21 in Fighting
108548 | Zot:5    | Killed an orb of fire
108705 | Zot:5    | Noticed an ancient lich
108708 | Zot:5    | Noticed an ancient lich
108739 | Zot:5    | Killed an ancient lich
108740 | Zot:5    | Killed an ancient lich
108740 | Zot:5    | Reached XP level 26. HP: 222/222 MP: 16/41
108842 | Zot:5    | Killed a Killer Klown
108877 | Zot:5    | Noticed an orb of fire
108879 | Zot:5    | Noticed an ancient lich
108885 | Zot:5    | Killed an orb of fire
108889 | Zot:5    | Reached skill level 10 in Evocations
108892 | Zot:5    | Killed an ancient lich
109103 | Zot:5    | Got the Orb of Zot
109394 | Depths:5 | Gained mutation: Your body sometimes deteriorates upon
                  | taking damage. [a cacodemon]
109758 | D:8      | Noticed Cipofaos the pandemonium lord
109898 | D:$      | Escaped with the Orb!

Levels and vault maps discovered:
D:1:      arrival_aquarium_a, layout_loops_ring, solitary_fountain,
          minivault_25, grunt_decor_resistance
D:2:      layout_basic, grunt_temple_overflow_magic_moments, lemuel_round_altar,
          first_ration
D:3:      layout_rooms, dancing_weapons_uskayaw, trog_book, uniq_jessica,
          uniq_ijyb, uniq_natasha
D:4:      layout_gridville, gammafunk_temple_overflow_claw,
          kennysheep_mini_moat, uniq_eustachio
D:5:      layout_basic, serial_shops, shop, gup_sewer_entry_spiral, basic_altar,
          saegor_snake_ambush
D:6:      layout_gridville, temple_doors_e, ebering_ghost_xom, serial_shops,
          kennysheep_little_box, nemelex_dance_club_becter
D:7:      layout_basic, basic_altar, uniq_prince_ribbit1
D:8:      layout_rooms, nicolae_dithmenos_the_darkroom, basic_altar,
          minmay_lindwurm_lava, uniq_psyche
D:9:      layout_long_grid, uniq_joseph, uniq_erolcha
D:10:     layout_basic, lair_entry_dummy, david_orc_5
D:11:     layout_roguey, hangedman_little_slice_of_home, uniq_maurice
D:12:     layout_cave_pools, minmay_misc_feat_iff, uniq_rupert
D:13:     layout_roguey, david_vaults_4
D:14:     layout_basic, nicolae_lava_and_water, basic_altar, minivault_13
D:15:     gammafunk_depths_entry_grave, layout_stronghold, lightli_minifort
Lair:1:   layout_regular_city
Lair:2:   layout_cave_pods, minmay_shoals_entry_beasts, patterned_corridor,
          uniq_sonja
Lair:3:   layout_small_grid, portal_ice_cave_entry_imps, uniq_fannar
Lair:4:   layout_cave_pods, dummy_snake_entry
Lair:5:   layout_roguey, dpeg_slime_entry_enclosed_altar, serial_bayou_lagoon_a
Lair:6:   minmay_lair_end_frog_pond, layout_cave_pods, lemuel_fruit_tree,
          uniq_urug
Shoals:1: layout_shoals
Shoals:2: layout_shoals, uniq_jorgrun
Shoals:3: layout_shoals, serial_shops, nicolae_shop_window_shopping,
          nicolae_shoals_loop_pool
Shoals:4: shoals_end_grunt_ice, layout_shoals, serial_shops, shop,
          argonaut_gorgonesque
Snake:1:  layout_basic, basic_altar, serial_shops, shop_fountains,
          minmay_shop_grove, uniq_aizul
Snake:2:  layout_basic
Snake:3:  layout_concentric_octagons, basic_altar
Snake:4:  snake_pit, layout_cave_town, drop_trap, nrook_loot_triangle,
          uniq_asterion, uniq_louise
Slime:1:  layout_caves
Slime:2:  layout_caves
Slime:3:  layout_caves
Slime:4:  layout_caves
Slime:5
Orc:1:    layout_caves, guppyfry_orc_lava_fort, uniq_harold
Orc:2:    st_orc_mages, layout_caves, basic_altar, biasface_ghost_orc_armoury,
          uniq_saint_roka, uniq_snorg
Elf:1:    minmay_elf_arrival_summoners, layout_rooms, serial_shops,
          shop_scrolls, nicolae_shop_window_shopping, shop,
          nicolae_shop_competitors_out_of_business, minivault_28
Elf:2:    layout_geoelf_diagonals, serial_shops, shop, minivault_8, uniq_nikola
Vaults:1: vaults_mumra_hex, nicolae_vaults_quartermaster, vaults_mumra_hexcomb,
          nicolae_vaults_network_periphery, v_misc_2, v_pattern_2,
          layout_vaults_quadrants, infiniplex_enter_wizlab_glasses
Vaults:2: vaults_mumra_bighexcomb, ontoclasm_vaults_tryst, v_misc_5,
          ontoclasm_vaults_loading_screen, hangedman_vaults_capsules,
          nicolae_vaults_theta, ontoclasm_vaults_ring_square, vaults_dpeg_ring,
          layout_vaults_chaotic_city
Vaults:3: v_misc_18, nicolae_vaults_puzzle_piece, nicolae_vaults_display_case,
          vaults_standard_mumra_enter_the_diamond, ontoclasm_vaults_misaligned,
          minmay_crypt_entry_skeletal_spiral, v_misc_23,
          vaults_standard_mumra_enter_the_diamond, dpeg_vaults_monster_row,
          hangedman_vaults_corner_blocks, nicolae_vaults_asterisk,
          ontoclasm_vaults_shuriken, nicolae_vaults_rhombus_7,
          layout_vaults_omnicross, serial_shops,
          nicolae_shop_overgrown_old_shop, shop_fountains, shop, shop
Vaults:4: vaults_mumra_chevron_long, vaults_room_boxed, v_misc_30, v_misc_10,
          nicolae_vaults_fighting_squares, nicolae_vaults_network_square,
          vaults_room_door_hall, v_misc_4, nicolae_vaults_little_squares_6,
          grunt_vaults_focal, vaults_room_door_ring, v_misc_8,
          layout_vaults_omnibox, enter_trove_3
Vaults:5
Depths:1: layout_small_grid, enter_ziggurat_c, hangedman_glass_teeth,
          rand_demon_pan_entry_4, hell_entry, minmay_statues_item, minislime_mu,
          uniq_mara
Depths:2: kennysheep_demon_jail, layout_honeycomb, pan_entry,
          serial_co_window_serial, co_window_corner_a, co_window_paths_a,
          co_window_corner_a, co_window_paths_b, co_window_paths_a,
          co_window_broadway_c, co_window_unsneaky_path_c, co_window_paths_c,
          co_window_corner_b, co_window_broadway_b, co_window_broadway_a,
          co_window_paths_e, co_window_paths_d, glass_columns_a,
          glass_columns_a, hell_entry
Depths:3: minmay_skeletal_surprise, layout_cave_pools, tso_metal_star,
          rand_demon_pan_entry_3, hell_entry, minmay_staircase_windowed_large,
          minmay_shoptagon, uniq_mennas
Depths:4: minmay_spriggan_fort, layout_honeycomb, kennysheep_big_empty_room,
          abyss_entry_flame_altar, hell_entry, infiniplex_staircase_pool_2
Depths:5: grunt_zot_entry_hairpin, layout_basic, pf_coc_iceberg, minivault_14
Zot:1:    layout_gridlike, grunt_megastairs_2
Zot:2:    lemuel_draconian_sentries_small, layout_onion
Zot:3:    infiniplex_zot_generator, layout_misc_corridors
Zot:4:    layout_basic
Zot:5:    layout_cathedral_of_symmetry

Skill      XL: |  1  2  3  4  5  6  7  8  9 10 11 12 13 14 15 16 17 18 19 20 21 22 23 24 25 26 |
---------------+-------------------------------------------------------------------------------+-----
Stealth        | 2 |  2.3
Conjurations   | 2 3 4 5 6 7 9 10 11 12 14 16 17 18 | 18.7
Fire Magic     | 4 5 6 7 |  7.9
Spellcasting   | 3 4 6 7 8 9 10 11 12 14 15 16 17 18 19 | 19.8
Fighting       | 1 3 4 8 11 12 13 15 17 19 20 21 | 21.5
Dodging        | 4 6 9 10 11 12 | 12.2
Shields        | 1 3 5 8 11 15 | 15.0
Earth Magic    | 6 10 13 15 17 | 17.3
Armour         | 4 5 9 11 12 14 15 | 15.8
Invocations    | 5 |  5.0
Summonings     | 5 7 13 | 13.2
Air Magic      | 5 7 |  7.2
Charms         | 4 5 |  5.2
Translocations | 2 |  2.0
Evocations     | 4 5 9 10 | 10.5
Necromancy     | 2 3 |  3.0

Action                   |  1- 3 |  4- 6 |  7- 9 | 10-12 | 13-15 | 16-18 | 19-21 | 22-24 | 25-27 || total
-------------------------+-------+-------+-------+-------+-------+-------+-------+-------+-------++-------
Melee: Unarmed           |    19 |     8 |       |       |       |       |       |       |       ||    27
       Club              |    19 |     2 |       |       |       |       |       |       |       ||    21
       Flail             |       |     1 |       |       |       |       |       |       |       ||     1
       Dagger            |       |    11 |   129 |       |       |       |       |       |       ||   140
       Spear             |       |       |    67 |   222 |   110 |       |       |       |       ||   399
       Staff             |       |       |       |       |   201 |    87 |   162 |   264 |    85 ||   799
       Short sword       |       |       |       |       |     3 |       |       |       |       ||     3
Throw: Throwing net      |       |       |       |       |       |       |     1 |     8 |       ||     9
 Cast: Flame Tongue      |    49 |    66 |   277 |   218 |    72 |   108 |   235 |       |       ||  1025
       Throw Flame       |     2 |     8 |    12 |   194 |   559 |   666 |   131 |       |       ||  1572
       Conjure Flame     |       |     4 |    10 |    13 |    23 |     2 |     4 |     2 |       ||    58
       Sticky Flame      |       |       |    20 |    40 |   169 |    77 |    79 |    10 |       ||   395
       Fireball          |       |       |     4 |    51 |    76 |    71 |   116 |    52 |       ||   370
       Iron Shot         |       |       |       |     1 |    83 |    82 |   186 |   188 |    46 ||   586
       Lee's Rapid Decon |       |       |       |       |    19 |   126 |   181 |    69 |       ||   395
       Orb of Destructio |       |       |       |       |       |     3 |     2 |    14 |     2 ||    21
       Summon Lightning  |       |       |       |       |       |   106 |   186 |   124 |    26 ||   442
       Passwall          |       |       |       |       |       |     2 |       |       |     2 ||     4
       Deflect Missiles  |       |       |       |       |       |     2 |     9 |     9 |     2 ||    22
       Spellforged Servi |       |       |       |       |       |       |       |   125 |    45 ||   170
       Borgnjor's Vile C |       |       |       |       |       |       |       |     6 |     9 ||    15
       Lehudib's Crystal |       |       |       |       |       |       |       |       |    30 ||    30
       Shadow Creatures  |       |       |       |       |       |       |       |       |    13 ||    13
       Freezing Cloud    |       |       |       |       |       |       |       |       |     8 ||     8
       Blink             |       |       |       |       |       |       |       |       |     1 ||     1
Invok: Divine Energy     |       |       |       |     2 |       |       |       |       |       ||     2
       Stop Divine Energ |       |       |       |     1 |       |       |       |       |       ||     1
       Channel Magic     |       |       |       |       |     1 |     6 |     4 |       |     5 ||    16
 Abil: Hop               |     3 |     3 |     6 |    10 |    29 |    31 |    29 |    10 |     6 ||   127
Evoke: Wand              |       |       |       |     3 |     2 |    13 |    20 |    11 |     4 ||    53
       Phial of floods   |       |       |       |       |       |     3 |     4 |       |     1 ||     8
       Lightning rod     |       |       |       |       |       |       |       |     2 |     2 ||     4
  Use: Scroll            |     1 |     4 |     8 |     7 |    17 |     7 |    18 |    26 |     4 ||    92
       Potion            |       |     3 |     1 |     6 |     4 |     1 |     2 |     6 |     1 ||    24
 Stab: Sleeping          |       |       |     3 |       |     1 |       |       |       |       ||     4
       Distracted        |       |       |       |       |     1 |     1 |     4 |     9 |       ||    15
  Eat: Chunk             |     4 |     5 |    27 |    27 |    65 |    42 |    60 |    42 |     8 ||   280
       Ration            |       |     1 |       |     5 |    12 |    20 |    10 |    17 |     5 ||    70
Armor: Robe              |     9 |    11 |    67 |    68 |    70 |       |       |       |       ||   225
       Skin              |       |     6 |       |   108 |   119 |       |       |       |       ||   233
       Leather armour    |       |       |       |       |    94 |   107 |       |       |       ||   201
       Ring mail         |       |       |       |       |       |     7 |   174 |   130 |       ||   311
       Acid dragon scale |       |       |       |       |       |       |       |    38 |       ||    38
       Quicksilver drago |       |       |       |       |       |       |       |    15 |    43 ||    58
Dodge: Dodged            |    55 |    38 |   190 |   273 |   419 |   332 |   380 |   367 |    90 ||  2144
       Deflected         |       |       |       |    15 |    12 |    97 |    52 |    72 |     9 ||   257
Block: Buckler           |       |       |       |       |   168 |   127 |   162 |       |       ||   457
       Shield            |       |       |       |       |       |       |    43 |   717 |   215 ||   975
       Reflection        |       |       |       |       |       |       |       |    30 |     1 ||    31

Table legend:
 A = Non-vault XP
 B = Vault XP
 C = Vault XP percentage of total XP
 D = Non-vault monster count
 E = Vault monster count
 F = Vault count percentage of total count
                 A         B        C        D         E       F
            +---------+---------+-------+---------+---------+-------
      Total |  689650 |  443056 |  39.1 |    1532 |     720 |  32.0
            +---------+---------+-------+---------+---------+-------
        D:1 |      25 |       0 |   0.0 |      13 |       0 |   0.0
        D:2 |     331 |       0 |   0.0 |      22 |       0 |   0.0
        D:3 |     213 |     106 |  33.2 |      21 |       3 |  12.5
        D:4 |     464 |     202 |  30.3 |      17 |       1 |   5.6
        D:5 |     492 |      48 |   8.9 |      15 |       9 |  37.5
        D:6 |     307 |     988 |  76.3 |      16 |       4 |  20.0
        D:7 |     970 |     283 |  22.6 |      22 |       1 |   4.3
        D:8 |     923 |     424 |  31.5 |      27 |       1 |   3.6
        D:9 |    1925 |     384 |  16.6 |      24 |       2 |   7.7
       D:10 |    3908 |     583 |  13.0 |      40 |      21 |  34.4
       D:11 |    4017 |    3885 |  49.2 |      22 |      11 |  33.3
       D:12 |    6066 |       0 |   0.0 |      34 |       0 |   0.0
       D:13 |    5245 |    2830 |  35.0 |      22 |       5 |  18.5
       D:14 |    8960 |    6044 |  40.3 |      35 |       7 |  16.7
       D:15 |   16203 |    6736 |  29.4 |      42 |      15 |  26.3
     Lair:1 |    2897 |       0 |   0.0 |      10 |       0 |   0.0
     Lair:2 |    8013 |    1630 |  16.9 |      29 |       3 |   9.4
     Lair:3 |    2652 |    1151 |  30.3 |      16 |      13 |  44.8
     Lair:4 |   10216 |       0 |   0.0 |      35 |       0 |   0.0
     Lair:5 |    7584 |     595 |   7.3 |      25 |       2 |   7.4
     Lair:6 |    7448 |   15304 |  67.3 |      22 |      53 |  70.7
   Shoals:1 |   20275 |       0 |   0.0 |      45 |       0 |   0.0
   Shoals:2 |    4563 |    1931 |  29.7 |       8 |       1 |  11.1
   Shoals:3 |   10581 |       0 |   0.0 |      29 |       0 |   0.0
   Shoals:4 |    6855 |   10520 |  60.5 |      23 |      24 |  51.1
    Snake:1 |   11880 |    1698 |  12.5 |      22 |       1 |   4.3
    Snake:2 |   19518 |       0 |   0.0 |      43 |       0 |   0.0
    Snake:3 |    7893 |     403 |   4.9 |      15 |       1 |   6.2
    Snake:4 |    9142 |   29183 |  76.1 |      19 |      46 |  70.8
    Slime:1 |    3790 |       0 |   0.0 |      16 |       0 |   0.0
    Slime:2 |    3532 |       0 |   0.0 |       5 |       0 |   0.0
    Slime:3 |    7644 |       0 |   0.0 |      32 |       0 |   0.0
    Slime:4 |   12047 |    1878 |  13.5 |      24 |       1 |   4.0
    Slime:5 |   10649 |   26404 |  71.3 |      29 |      11 |  27.5
      Orc:1 |    4668 |    7037 |  60.1 |      29 |      23 |  44.2
      Orc:2 |    2883 |   19029 |  86.8 |      33 |      70 |  68.0
      Elf:1 |   12601 |    9116 |  42.0 |      23 |      16 |  41.0
      Elf:2 |   23245 |    3265 |  12.3 |      44 |       6 |  12.0
   Vaults:1 |   33736 |   19850 |  37.0 |      62 |      35 |  36.1
   Vaults:2 |   23869 |    9709 |  28.9 |      45 |      13 |  22.4
   Vaults:3 |   17326 |   21412 |  55.3 |      36 |      40 |  52.6
   Vaults:4 |   28536 |   18218 |  39.0 |      53 |      26 |  32.9
   Depths:1 |   38365 |   13763 |  26.4 |      60 |      13 |  17.8
   Depths:2 |   25591 |   10583 |  29.3 |      33 |      16 |  32.7
   Depths:3 |   32435 |   16138 |  33.2 |      50 |      18 |  26.5
   Depths:4 |   28104 |    8889 |  24.0 |      43 |      28 |  39.4
   Depths:5 |   22413 |   11663 |  34.2 |      38 |      15 |  28.3
      Zot:1 |   32093 |    6384 |  16.6 |      29 |       6 |  17.1
      Zot:2 |   49863 |    5809 |  10.4 |      47 |       4 |   7.8
      Zot:3 |   45143 |   24183 |  34.9 |      41 |      32 |  43.8
      Zot:4 |   35539 |       0 |   0.0 |      29 |       0 |   0.0
      Zot:5 |   16012 |  114709 |  87.8 |      18 |      39 |  68.4
      Sewer |       0 |     427 | 100.0 |       0 |      48 | 100.0
      IceCv |       0 |    9662 | 100.0 |       0 |      36 | 100.0
            +---------+---------+-------+---------+---------+-------
